Map: Turbo Cruise '84 LE

Players

Neeblet (Neeb) - Winner!

  • Race: Protoss Protoss
  • League: Grandmaster
  • Spawn Location: 3:00

liquidthermy (uThermal)

  • Race: Terran Terran
  • League: Grandmaster
  • Spawn Location: 7:00

Event: 2019 Assembly Summer

VOD

Have the link to the VOD?

Description

Time

  • Played on: Aug. 1, 2019, 12:38 p.m.
  • Length: 6:26

All games in this series

Show
View Real Time Build Order
Export as new Build Order

Neeblet Protoss - Winner!

Build Orders: Phoenix Opening, Blink Stalkers 

Get SALT Encoding   

  12  0:00  Probe  
  13  0:12  Probe  
  14  0:17  Pylon  
  14  0:23  Probe  
  15  0:32  Probe  
  15  0:39  Gateway  
  15  0:40  Probe  
  16  0:48  Assimilator  
  17  0:51  Probe  
  18  1:02  Probe  
  19  1:06  Pylon  
  19  1:10  Probe  
  19  1:18  Probe  
  21  1:30  Cybernetics Core  
  21  1:48  Nexus  
  21  1:55  Probe  
  21  1:56  Adept  
  21  1:58  Assimilator  
  22  2:08  Probe, Warp Gate  
  25  2:20  Probe  
  26  2:28  Sentry  
  28  2:32  Probe  
  30  2:44  Probe  
  30  2:51  Twilight Council  
  30  2:53  Stalker  
  30  2:56  Probe  
  31  3:00  Probe  
  33  3:08  Probe x2  
  35  3:16  Blink, Probe  
  35  3:20  Probe, Stalker  
  35  3:26  Probe  
  39  3:27  Phoenix  
  39  3:32  Probe  
  41  3:38  Probe  
  42  3:44  Probe  
  41  3:49  Gateway  
  41  3:50  Gateway, Probe  
  41  3:52  Pylon  
  42  3:56  Probe  
  42  3:58  Robotics Facility  
  43  4:03  Probe  
  43  4:04  Assimilator  
  45  4:13  Pylon  
  45  4:15  Stalker  
  45  4:16  Probe  
  45  4:17  Probe  
  48  4:28  Pylon  
  48  4:29  Probe x2  
  50  4:41  Probe x2  
  50  4:43  Dark Shrine, Assimilator, Stalker x2  
  56  4:52  Shield Battery  
  56  4:53  Probe  
  56  4:56  Immortal  
  61  5:03  Stalker  
  61  5:05  Probe  
  64  5:07  Pylon  
  64  5:16  Stalker x2  
  64  5:20  Shield Battery  
  68  5:28  Stalker  
  68  5:29  Pylon  
  68  5:30  Pylon  
  68  5:44  Stalker x2  
  68  5:46  Pylon  
  68  5:49  Shield Battery  
  72  5:51  Pylon  
  72  5:55  Dark Templar  
  72  6:11  Dark Templar  
  72  6:12  Stalker  
Show
View Real Time Build Order
Export as new Build Order

liquidthermy Terran 

Build Orders: Reaper Expand 

Get SALT Encoding   

  12  0:02  SCV  
  13  0:14  SCV  
  13  0:18  Supply Depot  
  14  0:26  SCV  
  15  0:40  SCV  
  16  0:44  Barracks  
  16  0:50  Refinery  
  16  0:52  SCV  
  17  1:02  Engineering Bay  
  17  1:05  SCV  
  18  1:17  SCV  
  19  1:33  Reaper  
  19  1:35  Orbital Command  
  19  1:55  Command Center  
  19  2:00  SCV  
  20  2:07  Barracks  
  20  2:10  Barracks Reactor  
  20  2:13  SCV  
  21  2:21  Supply Depot  
  21  2:26  SCV  
  22  2:38  SCV  
  23  2:46  Factory  
  23  2:47  Marine  
  23  2:48  Marine, Refinery  
  23  2:50  SCV  
  26  2:57  Barracks Tech Lab  
  26  3:03  SCV  
  26  3:05  Marine  
  28  3:06  Marine  
  28  3:12  Orbital Command  
  29  3:15  SCV  
  29  3:17  Marine  
  31  3:23  Marine  
  31  3:24  Marine  
  32  3:29  Stimpack  
  32  3:33  Factory Tech Lab  
  32  3:34  Marine  
  31  3:41  Marine  
  31  3:42  SCV  
  31  3:46  Marine  
  34  3:50  SCV  
  34  3:52  Siege Tank  
  34  3:53  Marine  
  39  3:57  SCV  
  39  3:59  Marine  
  39  4:02  Supply Depot  
  41  4:04  Marine  
  41  4:05  SCV  
  41  4:09  SCV  
  44  4:15  Marine  
  44  4:16  Supply Depot  
  45  4:17  Marine  
  45  4:23  SCV  
  45  4:24  Siege Tank, SCV  
  50  4:28  Marine  
  52  4:33  Marine  
  52  4:34  Supply Depot  
  52  4:35  SCV  
  52  4:38  Marine, SCV  
  56  4:44  Barracks  
  56  4:48  SCV  
  56  4:50  SCV  
  56  4:51  Marine  
  59  4:54  Marine  
  59  4:56  Supply Depot  
  59  4:58  Siege Tank  
  59  4:59  Marine  
  63  5:09  Marine  
  63  5:10  SCV  
  63  5:11  Marine  
  65  5:17  Marine  
  65  5:19  SCV  
  67  5:26  Marine  
  68  5:29  SCV  
  68  5:30  Siege Tank  
  68  5:32  Marine  
  68  5:34  SCV  
  65  5:44  Bunker  
  65  5:46  Marine  
  65  5:47  Marine, Bunker  
  65  5:49  SCV  
  68  5:51  Marine  
  68  5:54  Marine  
  70  6:02  Bunker  
  68  6:06  SCV  
  65  6:12  Engineering Bay  
Tags
 
Add a new tag
Caveats
  • Supply blocks, unpowered buildings, or Contaminate may cause inaccurate times.
  • Supply counts are checked every 10 seconds.